 Dungeon Crawl Stone Soup version 0.20.1-1-g8b1a95d (webtiles) character file.

562147 mdlp0716 the Champion of Chaos (level 25, -1/373 HPs)
             Began as a Deep Dwarf Fighter on Oct 4, 2017.
             Was the Champion of Makhleb.
             Slain by an orc warlord
             ... wielding a +2 long sword of protection
              (17 damage)
             ... on level 4 of the Depths on Oct 12, 2017.
             The game lasted 10:28:55 (55874 turns).

mdlp0716 the Champion of Chaos (DDFi)              Turns: 55874, Time: 10:28:57

Health: -1/373     AC: 32    Str: 27    XL:     25   Next: 38%
Magic:  6/6        EV:  2    Int: 12    God:    Makhleb [******]
Gold:   2910       SH:  0    Dex: 16    Spells: 24/24 levels left

rFire    + . .     SeeInvis +   y - +9 hand axe (vamp)
rCold    . . .     Gourm    .   P - +1 large shield
rNeg     + + +     Faith    .   (armour currently unavailable)
rPois    +         Spirit   .   (helmet currently unavailable)
rElec    .         Reflect  +   (cloak currently unavailable)
rCorr    +         Harm     .   (gloves currently unavailable)
MR       +++..     NoTele   +   (boots currently unavailable)
Stlth    +.........             d - +3 amulet of reflection
Regen    0.0/turn               o - ring "Eteajuen" {rCorr *Drain +Blink rPois rF+}
MPRegen  0.1/turn               (no ring)

@: confused, tree-form, non-regenerating
A: damage resistance, heal wounds, repulsion field 1, see invisible, agile 1,
negative energy resistance 1, sense surroundings 3, MP-powered wands, no
regeneration
}: 3/15 runes: decaying, serpentine, silver
a: Heal Wounds, Minor Destruction, Lesser Servant of Makhleb, Major Destruction,
Greater Servant of Makhleb, Renounce Religion, Evoke Blink


You were on level 4 of the Depths.
You worshipped Makhleb.
Makhleb was exalted by your worship.
You were not hungry.
You were a tree.
You visited 12 branches of the dungeon, and saw 50 of its levels.
You visited the Abyss 1 time.
You also visited: Trove, Bailey, Volcano and Wizlab.

You collected 6217 gold pieces.
You spent 3307 gold pieces at shops.

Inventory:

Hand Weapons
 y - a +9 vampiric hand axe (weapon)
 I - the +10 dark maul {crush}
   (You found it in a treasure trove)

   It inflicts extra damage upon your enemies.
 M - the +8 trident of the Octopus King {venom, rElec rPois MR+}
   (You found it in a treasure trove)

   It poisons the flesh of those it strikes.
   It insulates you from electricity.
   It protects you from poison.
   It affects your resistance to hostile enchantments.
 U - the +10 trident of the End of Times {pierce, Dex+4}
   (You found it on level 2 of the Lair of Beasts)

   It inflicts extra damage upon your enemies.
   It affects your dexterity (+4).
Missiles
 T - 5 poisoned javelins (quivered)
Armour
 l - the +3 pair of gauntlets of War (melded) {Slay+5}
   (You found it on level 5 of the Vaults)

   It affects your accuracy and damage with ranged weapons and melee attacks
   (+5).
 s - a +0 crystal plate armour (melded)
 N - a +1 cloak of poison resistance (melded)
 P - a +1 large shield (worn)
 S - a +2 pair of boots (melded)
Jewellery
 d - a +3 amulet of reflection (around neck)
 o - the ring "Eteajuen" (left branch) {rCorr *Drain +Blink rPois rF+}
   (You found it on level 2 of the Crypt)

   [ring of resist corrosion]

   It protects you from fire.
   It protects you from poison.
   It lets you blink.
   It causes draining when unequipped.
 u - an uncursed ring of protection from cold
Wands
 a - a wand of iceblast (9/15)
 e - a wand of polymorph (10/24)
 k - a wand of digging (14/24)
 m - a wand of digging (10/24)
 t - a wand of acid (2/15)
 C - a wand of paralysis (10/24)
 H - a wand of clouds (2/9)
 J - a wand of flame (9/48)
 K - a wand of disintegration (3/24)
 L - a wand of scattershot (0/9)
 O - a wand of lightning (9/15)
 Q - a wand of lightning (5/15)
 V - a wand of confusion (27/48)
 W - a wand of random effects (22/48)
 X - a wand of lightning (4/15)
Scrolls
 i - 20 scrolls of remove curse
 j - a scroll of blinking
 n - 15 scrolls of teleportation
 q - 4 scrolls of fog
 w - 2 scrolls of fear
 x - 5 scrolls of recharging
 F - a scroll of silence
 G - 6 scrolls of magic mapping
 R - 2 scrolls of immolation
Potions
 c - a potion of ambrosia
 g - 8 potions of curing
 h - a potion of heal wounds
 z - 2 potions of haste
 A - 2 potions of lignification
 B - 2 potions of cancellation
 D - 2 potions of flight
 E - 4 potions of might
 Y - 3 potions of berserk rage
 Z - 2 potions of resistance
Miscellaneous
 b - a phial of floods
 p - 2 boxes of beasts
 v - a lightning rod (1/4)
Comestibles
 f - 11 bread rations
 r - 10 meat rations


   Skills:
 * Level 19.2 Fighting
   Level 3.3 Long Blades
 - Level 8.6(15.6) Axes
 * Level 7.2(8.9) Maces & Flails
 - Level 16.5(17.0) Polearms
 + Level 14.2 Throwing
 * Level 13.2 Armour
 + Level 12.3 Dodging
 - Level 3.1 Stealth
 * Level 17.5 Shields
 + Level 23.8 Invocations
 + Level 17.1 Evocations


You had 24 spell levels left.
You didn't know any spells.

Dungeon Overview and Level Annotations

Branches:
Dungeon (15/15)            Temple (1/1) D:7            Lair (6/6) D:10
  Swamp (4/4) Lair:4        Snake (4/4) Lair:4        Slime (2/5) Lair:6
    Orc (2/2) D:10            Elf (3/3) Orc:2        Vaults (5/5) D:14
  Crypt (3/3) Vaults:3       Tomb (0/3) Crypt:3      Depths (4/5) D:15
   Hell (1/1)
    Dis: Hell:1         Geh: Hell:1         Coc: Hell:1         Tar: Hell:1

Altars:
Ashenzari
Cheibriados
Dithmenos
Elyvilon
Fedhas
Gozag
Hepliaklqana
Kikubaaqudgha
Makhleb
Nemelex Xobeh
Okawaru
Qazlal
Ru
Sif Muna
Trog
Uskayaw
Vehumet
Xom
Yredelemnul
Zin
The Shining One
Beogh
Jiyva

Shops:
D:10 (   D:13 *   D:15 ?   Orc:1 [}![:   Orc:2 :(?*   Elf:1 *   Snake:1 :[
Depths:4 *

Portals:
Hell: Depths:1 Depths:2 Depths:3
Abyss: Depths:4
Pandemonium: Depths:3
Ziggurat: Depths:4

Annotations:
D:12 exclusion: orange crystal statue
D:15 halbred and lamp of fire
Swamp:3 exclusion: Roxanne, Roxanne
Slime:2 Dissolution
Elf:1 dangerous!
Elf:2 3 runed doors
Vaults:3 identify scroll
Vaults:4 identify and enchant weapon
Vaults:5 dodging manuel
Crypt:3 come back with scrolls of enchant armor
Hell Geryon


Innate Abilities, Weirdness & Mutations

You are resistant to damage.
You can heal yourself by infusing magical energy.
You resist negative energy. (rN+)
You passively map a large area around you.
You do not regenerate.
((You have sharp toenails.))
You are surrounded by a mild repulsion field. (EV +2)
You have supernaturally acute eyesight. (SInv)
You are agile. (Dex +2)
((Your flesh is cold resistant. (rC+)))
You expend magic power (3 MP) to strengthen your wands.


Message History

* * * LOW HITPOINT WARNING * * *
The deep troll shaman barely misses you.
The deep troll shaman claws you but does no damage. x2
You block the deep elf blademaster's attack.
The deep elf blademaster hits you with an enchanted rapier.
* * * LOW HITPOINT WARNING * * *
Unknown command.
You are confused.
You feel invigorated.
The orc knight hits you with an uncursed dire flail.
* * * LOW HITPOINT WARNING * * *
The deep elf blademaster hits you but does no damage. x2
The stone giant throws a large rock.
The large rock hits you!!
* * * LOW HITPOINT WARNING * * *
The orc warlord hits you from afar with a halberd of chopping!!
* * * LOW HITPOINT WARNING * * *
The deep troll shaman bites you but does no damage.
The deep troll shaman claws you but does no damage. x2
The orc warlord hits you with a long sword of protection!!
You die...

...####.≈.§.................
,
≈...###.≈...................
, ,
.....#....§.≈...#....#..####*
** ................#..?(..##
............≈≈≈.........##
............≈≈≈....##....##
....>.§≈.....C........∩...#
......≈≈≈§.......o).....###
.......≈..§§...T♣e...#### ,
,......§§§....oo.## ,
.....§≈§...#...# , ,
≈§§§..###.## , .≈..T# ### ,
.≈≈.. , .... .... , ,,, , , *


You could see 2 orc warlords, a deep elf blademaster, a stone giant, an orc
knight, a deep troll earth mage and a deep troll shaman.

Vanquished Creatures
  Mara (Vaults:4)
  Sojobo (Vaults:2)
  5 caustic shrikes (Depths:2)
  Nikola (Depths:1)
  Jory (Vaults:4)
  A bone dragon (Crypt:2)
  8 tentacled monstrosities
  Rupert (Lair:5)
  2 liches
  Asterion (Depths:1)
  A quicksilver dragon (Vaults:5)
  A deep elf blademaster (Depths:4)
  A titan (Vaults:5)
  2 tentacled starspawn (WizLab)
  A deep elf master archer (Depths:4)
  4 ancient champions
  A thorn hunter (Swamp:3)
  5 sphinxes
  Gastronok (Orc:1)
  2 shadow dragons (Vaults:5)
  Donald (Vaults:3)
  2 storm dragons
  11 tengu reavers
  A draconian monk (Abyss:2)
  A revenant (Crypt:3)
  13 nagarajas
  13 fire giants
  2 azure jellies
  26 vault wardens
  5 orc warlords (Depths:4)
  2 iron dragons (Vaults:5)
  5 deep elf sorcerers
  A balrug (WizLab)
  A caustic shrike zombie (Crypt:1)
  15 frost giants
  3 curse skulls
  A deep elf elementalist (Vaults:5)
  7 ghouls
  A reaper (Crypt:2)
  20 ironheart preservers
  The ghost of Zdeegee the Peltast, a journeyman MiFi of Qazlal (Lair:6)
  The ghost of ffase the Brawler, a journeyman DrTm of Xom (Orc:2)
  2 war gargoyles (Vaults:5)
  The ghost of antares the Grappler, a journeyman DrTm of Elyvilon (Lair:4)
  15 stone giants
  6 vampire knights
  2 entropy weavers
  17 very ugly things
  2 deep elf annihilators
  5 deep elf demonologists
  A red draconian (WizLab)
  7 spark wasps
  3 deep elf death magi
  A merfolk javelineer (Depths:3)
  10 ettins
  13 yaktaur captains
  8 fire dragons
  4 deep elf high priests (Vaults:5)
  Fannar (Orc:1)
  The ghost of Dasmos the Unseen, a journeyman OpFi of Dithmenos (D:12)
  5 great orbs of eyes
  6 jiangshi
  8 ice dragons
  30 vault guards
  Erolcha (Orc:1)
  18 naga warriors
  6 rakshasas
  18 hydras
  11 centaur warriors
  3 death knights
  A merfolk avatar (Lair:6)
  4 spriggan air magi
  5 alligators
  10 anacondas
  A catoblepas (Lair:5)
  55 two-headed ogres
  8 dancing weapons
  2 death yaks
  7 deep troll earth magi
  4 deep troll shamans
  8 tengu warriors
  5 vampire magi
  2 hell hogs (Depths:1)
  12 naga sharpshooters
  Urug (D:13)
  An orc high priest (Orc:2)
  18 ogre magi
  A shock serpent (shapeshifter) (Depths:3)
  4 spriggan berserkers
  10 shock serpents
  A soul eater (Crypt:1)
  6 shadow wraiths
  17 deep elf knights
  A wretched star (Abyss:2)
  A fire crab (Lair:6)
  A fire crab (shapeshifter) (Vaults:1)
  20 hell knights
  2 spriggan druids
  3 salamander mystics
  11 skeletal warriors
  A death drake (shapeshifter) (Depths:2)
  2 unseen horrors (shapeshifter)
  11 naga ritualists
  6 wizards
  24 deep trolls
  A sea snake (shapeshifter) (Vaults:3)
  A shambling mangrove (Swamp:4)
  4 glowing orange brains
  A harpy (shapeshifter) (Vaults:1)
  A wolf spider zombie (D:13)
  13 deep elf archers
  4 flayed ghosts
  4 swamp dragons
  An unseen horror (D:12)
  20 ironbrand convokers
  2 iron giant skeletons
  4 lindwurms
  5 harpies
  43 deep elf magi
  16 orc knights
  An anaconda skeleton (WizLab)
  7 necromancers
  10 mana vipers
  11 phantasmal warriors
  9 wolf spiders
  4 orc sorcerers
  2 worldbinders (WizLab)
  A salamander (shapeshifter) (Elf:1)
  26 ugly things
  5 cyclopes
  12 salamanders
  2 shining eyes
  A moth of wrath (shapeshifter) (Vaults:5)
  2 manticores (Lair:6)
  An iron dragon skeleton (Crypt:3)
  A water nymph (shapeshifter) (Vaults:3)
  6 guardian serpents
  8 elephants
  A fire giant skeleton (Crypt:2)
  10 naga magi
  A gargoyle (D:15)
  9 spiny frogs
  A guardian serpent (shapeshifter) (Vaults:5)
  A spiny frog (shapeshifter) (Vaults:1)
  28 black mambas
  2 torpor snails (Lair:6)
  An eye of devastation (shapeshifter) (Depths:4)
  6 kobold demonologists
  4 spectral swamp worms (Depths:2)
  20 vault sentinels
  5 rime drakes
  A yaktaur (shapeshifter) (Vaults:5)
  2 efreet
  43 yaktaurs
  10 freezing wraiths
  A dire elephant skeleton (Crypt:3)
  2 ice devils (WizLab)
  9 komodo dragons
  A grey draconian skeleton (Crypt:2)
  A jumping spider (shapeshifter) (Vaults:3)
  5 guardian mummies (Crypt:3)
  A jumping spider (Vaults:3)
  6 trolls
  A human skeleton (Vaults:1)
  A sea snake skeleton (Crypt:2)
  A wind drake (shapeshifter) (Vaults:5)
  7 tengu conjurers
  A queen bee (D:9)
  3 meliai (D:13)
  3 wind drakes
  3 tyrant leeches
  10 hornets
  A frost giant simulacrum (Vaults:3)
  A polar bear (Lair:6)
  25 slime creatures
  8 blink frogs
  4 bog bodies
  A raiju (shapeshifter) (Depths:4)
  A dream sheep (Lair:6)
  A jumping spider zombie (Crypt:1)
  7 hippogriffs
  2 ettin zombies
  4 raiju
  A death drake skeleton (Crypt:2)
  A flying skull (Crypt:3)
  A tarantella (shapeshifter) (D:13)
  16 water elementals
  5 shadows
  5 air elementals
  4 wraiths
  12 redbacks
  4 spriggans
  A spriggan (shapeshifter) (Vaults:1)
  10 wyverns
  2 yaks (shapeshifter)
  65 yaks
  3 fire bats (Volcano)
  A vampire (D:13)
  3 fire elementals
  A basilisk (D:13)
  A chaos spawn (Abyss:2)
  A black mamba skeleton (Crypt:3)
  2 large abominations
  A basilisk (shapeshifter) (Vaults:3)
  3 hungry ghosts
  20 vampire mosquitoes
  A steam dragon (Volcano)
  A merfolk zombie (Crypt:2)
  A glowing shapeshifter zombie (Crypt:1)
  4 wargs
  A soldier ant (shapeshifter) (Depths:4)
  7 insubstantial wisps
  48 nagas
  8 spatial vortices (WizLab)
  15 swamp worms
  4 acid dragons
  6 hell hounds (Depths:1)
  A deep troll skeleton (Crypt:2)
  A hydra simulacrum (Crypt:3)
  10 water moccasins
  An orb spider zombie (Crypt:3)
  7 porcupines
  A torturous demonspawn skeleton (Crypt:2)
  9 swamp drakes
  2 phantoms
  2 black bears
  3 sky beasts
  41 orc warriors
  An ice beast (D:15)
  2 black bears (shapeshifter)
  4 eyes of draining
  3 necrophages
  47 ogres
  7 boggarts
  An eye of draining (shapeshifter) (Depths:2)
  A swamp dragon skeleton (Crypt:2)
  An ogre (shapeshifter) (Vaults:2)
  10 wolves
  29 centaurs
  7 small abominations
  A draconian zombie (Crypt:3)
  20 crocodiles
  A human zombie (Vaults:1)
  5 big kobolds
  20 bullfrogs
  A deep troll simulacrum (Vaults:2)
  8 gnoll sergeants (Bailey)
  2 earth elementals (Elf:1)
  A water moccasin zombie (Crypt:3)
  2 wyvern skeletons
  A scorpion (D:4)
  2 human simulacra
  21 killer bees
  2 electric eels
  5 howler monkeys
  28 wights
  8 crimson imps
  8 jellies
  A lava snake (D:12)
  2 centaur zombies
  6 quasits
  4 bullfrog zombies
  25 orc priests
  A bullfrog skeleton (D:11)
  3 centaur skeletons
  8 hounds
  7 gnoll shamans
  12 iguanas
  25 orc wizards
  10 worker ants
  A killer bee zombie (D:6)
  A dwarf zombie (Crypt:1)
  A hound skeleton (D:8)
  6 mummies (Crypt:3)
  A worker ant zombie (D:10)
  A howler monkey skeleton (D:7)
  17 adders
  29 gnolls
  3 shadow imps
  2 ufetubi
  An adder skeleton (Crypt:1)
  A worm (D:4)
  6 leopard geckos
  92 orcs
  A bat zombie (Crypt:2)
  9 giant cockroaches
  4 hobgoblins
  10 jackals
  18 kobolds
  6 quokkas
  A ball python (D:5)
  5 bats
  2 frilled lizards
  3 goblins
  A goblin skeleton (Crypt:3)
  A jackal skeleton (D:4)
  An orc zombie (Crypt:3)
  4 rats
  A river rat zombie (Crypt:2)
  A crawling corpse (Vaults:5)
  A fungus (Lair:1)
  A lurking horror (WizLab)
  3 plants
2055 creatures vanquished.

Vanquished Creatures (collateral kills)
  Frederick (Vaults:5)
  A curse toe (Crypt:3)
  Saint Roka (Vaults:5)
  A lich (Vaults:5)
  A quicksilver dragon (Vaults:5)
  2 deep elf master archers (Elf:3)
  A tentacled starspawn (Abyss:2)
  Agnes (Snake:3)
  2 tengu reavers (Vaults:5)
  5 nagarajas (Snake:4)
  A deep elf sorcerer (Elf:3)
  Aizul (Swamp:2)
  A curse skull (Crypt:3)
  A very ugly thing (Abyss:2)
  A reaper (Crypt:3)
  A stone giant (Depths:2)
  An ironheart preserver (Vaults:3)
  A vampire knight (Crypt:1)
  3 deep elf demonologists
  3 deep elf death magi (Elf:3)
  An ogre mage (Vaults:1)
  A yaktaur captain (Vaults:4)
  A jiangshi (Crypt:2)
  6 naga warriors (Snake:4)
  A fire dragon (Volcano)
  4 vault guards
  2 hydras
  An anaconda (Snake:4)
  4 two-headed ogres
  4 dancing weapons
  An alligator (Swamp:1)
  3 deep troll shamans (Vaults:3)
  4 naga sharpshooters
  2 vampire magi
  3 orc high priests (Orc:2)
  2 shock serpents
  7 slime creatures
  2 deep elf knights
  2 skeletal warriors (Crypt:3)
  A storm dragon skeleton (Crypt:3)
  3 deep elf archers
  2 naga ritualists (Snake:4)
  A ghost moth zombie (Crypt:3)
  2 spriggan druids (Swamp:4)
  2 necromancers (Crypt:3)
  4 phantasmal warriors
  A harpy (shapeshifter) (Depths:2)
  A harpy (Vaults:1)
  11 deep elf magi
  A cyclops (Vaults:2)
  3 salamanders (Snake:4)
  A fire giant zombie (Crypt:3)
  A guardian serpent (Snake:4)
  2 black mambas
  2 vault sentinels
  2 centaur zombies (D:14)
  4 naga magi
  An orange demon (Abyss:2)
  A centaur skeleton (D:14)
  A death yak zombie (Crypt:3)
  A spiny frog (Swamp:3)
  A spectral swamp worm (Depths:2)
  A grey draconian zombie (Crypt:1)
  A troll (D:10)
  A tyrant leech (Swamp:1)
  A hornet (Swamp:4)
  A guardian serpent zombie (Crypt:1)
  3 blink frogs (Lair:1)
  A bog body (Swamp:3)
  A hippogriff (Lair:2)
  2 air elementals
  A fire dragon skeleton (Crypt:3)
  2 fire elementals
  A basilisk (Lair:1)
  A wyvern (Volcano)
  4 wraiths
  A warg (Orc:2)
  7 vampire mosquitoes
  19 nagas
  2 swamp worms
  A water moccasin (Lair:1)
  7 orc warriors
  A sky beast (D:14)
  A snapping turtle zombie (Crypt:3)
  A starcursed mass (Abyss:2)
  4 ogres
  A manticore skeleton (Crypt:3)
  A crocodile (Lair:2)
  A bullfrog (Lair:2)
  An earth elemental (Elf:2)
  A spriggan zombie (Crypt:3)
  An electric eel (Lair:4)
  10 orc priests (Orc:2)
  11 orc wizards
  An iron imp (Abyss:2)
  A dwarf skeleton (Crypt:1)
  A mummy (Crypt:3)
  A scorpion zombie (Crypt:1)
  7 orcs
  2 kobolds (D:14)
  7 fungi (Elf:1)
242 creatures vanquished.

Vanquished Creatures (others)
  2 deep elf master archers
  2 stone giants
  An ettin (D:15)
  2 yaktaur captains
  A hydra (Swamp:4)
  2 centaur warriors
  A deep troll earth mage (Vaults:4)
  2 naga sharpshooters (Snake:4)
  A hell knight (Vaults:5)
  2 deep elf archers
  4 deep elf magi
  2 naga magi (Snake:4)
  15 yaktaurs
  2 tengu conjurers
  A blink frog (WizLab)
  A naga (Snake:4)
  Duvessa (D:7)
  A boggart (D:14)
  Dowan (D:7)
  2 orc wizards
  8 fungi (Lair:4)
  22 plants
  7 starspawn tentacles (WizLab)
83 creatures vanquished.

Grand Total: 2380 creatures vanquished

Notes
Turn   | Place    | Note
-------+----------+-------------------------------------------
     0 | D:1      | mdlp0716 the Deep Dwarf Fighter began the quest for the Orb.
     0 | D:1      | Reached XP level 1. HP: 20/20 MP: 1/1
   245 | D:1      | Reached XP level 2. HP: 25/27 MP: 2/2
   788 | D:2      | Reached skill level 1 in Stealth
   850 | D:2      | Reached skill level 1 in Dodging
   850 | D:2      | Reached XP level 3. HP: 15/33 MP: 0/3
   975 | D:2      | jeff
  1310 | D:3      | Reached XP level 4. HP: 26/42 MP: 0/3
  1440 | D:3      | Reached XP level 5. HP: 23/49 MP: 0/4
  2187 | D:4      | Reached XP level 6. HP: 32/56 MP: 0/5
  2349 | D:4      | Reached skill level 1 in Axes
  2422 | D:4      | Reached XP level 7. HP: 19/63 MP: 0/6
  2728 | D:5      | Entered Level 5 of the Dungeon
  2758 | D:5      | Reached skill level 5 in Armour
  3309 | D:5      | Reached skill level 1 in Throwing
  3375 | D:6      | Reached skill level 5 in Shields
  3508 | D:6      | Reached XP level 8. HP: 42/73 MP: 6/6
  4531 | D:6      | Reached skill level 5 in Fighting
  4990 | D:7      | Got a smoking dagger
  5182 | D:7      | Killed Dowan
  5217 | D:7      | Killed Duvessa
  5248 | D:7      | Gained mutation: You passively map the area around you. [Deep Dwarf growth]
  5248 | D:7      | Reached XP level 9. HP: 25/81 MP: 6/6
  5270 | D:7      | Reached skill level 1 in Evocations
  5319 | D:7      | Found a staircase to the Ecumenical Temple.
  5335 | Temple   | Entered the Ecumenical Temple
  5388 | Temple   | Became a worshipper of Makhleb the Destroyer
  5592 | D:7      | Found an ancient bone altar of Kikubaaqudgha.
  5654 | D:7      | Reached skill level 5 in Dodging
  5700 | D:7      | Reached skill level 5 in Axes
  6184 | D:7      | Got a twitching brass ring
  6192 | D:7      | Identified the ring of Vyqor {*Drain rPois rF+ Int+4 Stlth+} (You found it on level 7 of the Dungeon)
  6714 | D:8      | Reached * piety under Makhleb
  6938 | D:8      | Noticed a two-headed ogre
  6982 | D:8      | Killed a two-headed ogre
  6982 | D:8      | Reached XP level 10. HP: 68/91 MP: 9/9
  7012 | D:8      | Noticed a two-headed ogre
  7132 | D:8      | Killed a two-headed ogre
  7285 | D:8      | Noticed a two-headed ogre
  7333 | D:8      | Killed a two-headed ogre
  7439 | D:8      | Reached ** piety under Makhleb
  7532 | D:8      | Reached skill level 5 in Evocations
  7833 | D:8      | Reached skill level 5 in Throwing
  8057 | D:9      | Reached skill level 1 in Invocations
  8393 | D:9      | Noticed a death yak
  8509 | D:8      | Killed a death yak
  8509 | D:8      | Reached XP level 11. HP: 100/100 MP: 7/7
  8615 | D:9      | Reached *** piety under Makhleb
  8764 | D:9      | Reached skill level 2 in Invocations
  9411 | D:10     | Entered Level 10 of the Dungeon
  9417 | D:10     | Noticed a two-headed ogre
  9533 | D:9      | Killed a two-headed ogre
  9765 | D:10     | Reached skill level 3 in Invocations
  9902 | D:10     | Found a staircase to the Orcish Mines.
  9902 | D:10     | Found Hefes's Weapon Emporium.
 10049 | D:10     | Bought a +0 war axe for 45 gold pieces
 10059 | Orc:1    | Entered Level 1 of the Orcish Mines
 10059 | Orc:1    | Found Utir Buf's Gadget Emporium.
 10059 | Orc:1    | Noticed Fannar
 10123 | D:10     | Found a staircase to the Lair.
 10167 | Lair:1   | Entered Level 1 of the Lair of Beasts
 10291 | Lair:1   | Got a spiked plate armour
 10302 | Lair:1   | Identified the cursed +0 plate armour "Boetacw" {Stlth+} (You found it on level 1 of the Lair of Beasts)
 10362 | Lair:1   | Reached skill level 4 in Invocations
 10372 | Lair:1   | Reached **** piety under Makhleb
 10436 | Lair:1   | Noticed a seven-headed hydra
 10445 | Lair:1   | Killed a seven-headed hydra
 10706 | Lair:1   | Found a dark tunnel.
 10718 | Volcano  | Entered a volcano
 10788 | Volcano  | Reached skill level 5 in Invocations
 10897 | Volcano  | Reached XP level 12. HP: 112/112 MP: 7/7
 10909 | Volcano  | Noticed a two-headed ogre
 10920 | Volcano  | Killed a two-headed ogre
 10976 | Volcano  | Reached skill level 6 in Invocations
 11106 | Volcano  | Noticed a fire dragon
 11177 | Volcano  | Killed a fire dragon
 11360 | Lair:1   | Identified the cursed +1 dagger of Devotion {venom, *Slow Int+2 Stlth+} (You found it on level 7 of the Dungeon)
 11550 | Lair:2   | Noticed a four-headed hydra
 11573 | Lair:2   | Killed a four-headed hydra
 11785 | Lair:2   | Reached skill level 7 in Invocations
 11854 | Lair:2   | Got a pitted trident
 11855 | Lair:2   | Identified the +10 trident of the End of Times {pierce, Dex+4} (You found it on level 2 of the Lair of Beasts)
 12887 | Lair:3   | Reached skill level 1 in Polearms
 13020 | Lair:3   | Reached skill level 8 in Invocations
 13206 | Lair:4   | Found a staircase to the Snake Pit.
 13256 | Lair:4   | Found a staircase to the Swamp.
 13267 | Swamp:1  | Entered Level 1 of the Swamp
 13267 | Swamp:1  | Noticed an alligator
 13338 | Lair:4   | Reached ***** piety under Makhleb
 13371 | Lair:4   | Reached XP level 13. HP: 122/122 MP: 10/10
 13431 | Lair:4   | Noticed antares's ghost (journeyman DrTm)
 13515 | Swamp:1  | Reached skill level 9 in Invocations
 14327 | Swamp:2  | Reached skill level 10 in Shields
 14349 | Swamp:2  | Noticed a tentacled monstrosity
 14364 | Swamp:2  | Killed a tentacled monstrosity
 14364 | Swamp:2  | Reached skill level 10 in Fighting
 14364 | Swamp:2  | Reached skill level 10 in Invocations
 14473 | Swamp:2  | Noticed Aizul
 14498 | Swamp:2  | Killed Aizul
 14501 | Swamp:2  | Gained mutation: You are weak. (Str -2) [mutagenic meat]
 14502 | Swamp:2  | Gained mutation: You are robust. (+10% HP) [mutagenic meat]
 14503 | Swamp:2  | Gained mutation: You are dopey. (Int -2) [mutagenic meat]
 14504 | Swamp:2  | Gained mutation: You passively map a large area around you. [mutagenic meat]
 14754 | Swamp:2  | Reached skill level 10 in Armour
 15012 | Swamp:3  | Noticed a thorn hunter
 15021 | Swamp:3  | Killed a thorn hunter
 15240 | Swamp:3  | Noticed Roxanne
 15578 | Swamp:3  | Gained mutation: You resist negative energy. (rN+) [Deep Dwarf growth]
 15578 | Swamp:3  | Reached XP level 14. HP: 101/146 MP: 11/11
 15967 | Swamp:4  | Entered Level 4 of the Swamp
 16084 | Swamp:4  | Reached skill level 11 in Invocations
 16233 | Swamp:4  | Reached skill level 5 in Polearms
 16281 | Swamp:4  | Noticed a white very ugly thing
 16493 | Swamp:4  | Killed a white very ugly thing
 16514 | Swamp:4  | Reached skill level 10 in Dodging
 16695 | Swamp:4  | Got a decaying rune of Zot
 16863 | Lair:4   | Reached skill level 12 in Invocations
 16890 | Snake:1  | Entered Level 1 of the Snake Pit
 17102 | Snake:1  | Noticed a nagaraja
 17182 | Snake:1  | Killed a nagaraja
 17183 | Snake:1  | Found Udaipo's Book Shoppe.
 17196 | Snake:1  | Found Igreopsa's Armour Shoppe.
 17278 | Snake:1  | Bought a +3 plate armour of fire resistance for 675 gold pieces
 17902 | Lair:4   | Reached XP level 15. HP: 81/156 MP: 5/5
 18391 | Lair:4   | Killed antares's ghost
 19254 | Lair:5   | Noticed Rupert
 19273 | Lair:5   | Paralysed by Rupert for 7 turns
 19286 | Lair:5   | Killed Rupert
 19286 | Lair:5   | Reached skill level 13 in Invocations
 19659 | Lair:6   | Entered Level 6 of the Lair of Beasts
 19659 | Lair:6   | Found a viscous altar of Jiyva.
 19659 | Lair:6   | Found a staircase to the Slime Pits.
 19761 | Slime:1  | Entered Level 1 of the Pits of Slime
 19761 | Slime:1  | Noticed an azure jelly
 19790 | Lair:6   | Noticed Zdeegee's ghost (journeyman MiFi)
 19843 | Lair:6   | Killed Zdeegee's ghost
 20469 | Lair:6   | Got a warped dagger
 20754 | Lair:6   | Identified Pyqimouciz's Tome of Dusty Weightlessness
 21084 | Orc:1    | Bought a phial of floods for 480 gold pieces
 21098 | Orc:1    | Found Qirivvic's Book Boutique.
 21141 | Orc:1    | Found Giklab's Armour Boutique.
 21180 | Orc:1    | Noticed Gastronok
 21183 | Orc:1    | Noticed Erolcha
 22512 | D:12     | Reached ****** piety under Makhleb
 22726 | D:12     | Noticed Dasmos's ghost (journeyman OpFi)
 22737 | D:12     | Killed Dasmos's ghost
 23197 | D:12     | Reached XP level 16. HP: 166/167 MP: 7/7
 23486 | D:13     | Found a flagged portal.
 23536 | D:13     | Got a fine halberd {chop}
 23542 | D:13     | Identified the +11 halberd "Uzeugh" {chop, *Contam MR+ Dex+3} (You took it off a vampire on level 13 of the Dungeon)
 23579 | D:13     | Gained mutation: Your body sometimes deteriorates upon taking damage. [mutagenic glow]
 23580 | Bailey   | Entered a bailey
 24089 | D:13     | Found Donk's General Store.
 24092 | D:13     | Bought a wand of acid (10/15) for 448 gold pieces
 24092 | D:13     | Bought a scroll of identify for 32 gold pieces
 24178 | D:13     | Reached skill level 14 in Invocations
 24250 | D:13     | Noticed Urug
 24262 | D:13     | Killed Urug
 24575 | D:14     | Gained mutation: You are somewhat resistant to further mutation. [mutagenic meat]
 24577 | D:14     | Lost mutation: You are weak. (Str -2) [potion of mutation]
 24577 | D:14     | Lost mutation: Your body sometimes deteriorates upon taking damage. [potion of mutation]
 24577 | D:14     | Lost mutation: You passively map a large area around you. [potion of mutation]
 24577 | D:14     | Lost mutation: You are robust. (+10% HP) [potion of mutation]
 24577 | D:14     | Lost mutation: You are somewhat resistant to further mutation. [potion of mutation]
 24577 | D:14     | Lost mutation: You are dopey. (Int -2) [potion of mutation]
 24577 | D:14     | Gained mutation: Your flesh is heat resistant. (rF+) [potion of mutation]
 24577 | D:14     | Gained mutation: Your body sometimes deteriorates upon taking damage. [potion of mutation]
 24577 | D:14     | Gained mutation: You are frail. (-10% HP) [potion of mutation]
 24577 | D:14     | Gained mutation: You are agile. (Dex +2) [potion of mutation]
 24578 | D:14     | Lost mutation: Your body sometimes deteriorates upon taking damage. [potion of mutation]
 24578 | D:14     | Lost mutation: Your flesh is heat resistant. (rF+) [potion of mutation]
 24578 | D:14     | Lost mutation: You are agile. (Dex +2) [potion of mutation]
 24578 | D:14     | Gained mutation: Your muscles are strong. (Str +2) [potion of mutation]
 24578 | D:14     | Gained mutation: You possess an exceptional clarity of mind. [potion of mutation]
 24578 | D:14     | Gained mutation: Your mind is acute. (Int +2) [potion of mutation]
 24578 | D:14     | Gained mutation: You have very sharp teeth. [potion of mutation]
 24956 | D:14     | Found a gate to the Vaults.
 24962 | Vaults:1 | Entered Level 1 of the Vaults
 25553 | Vaults:1 | HP: 3/138 [yaktaur captain (5)]
 26224 | D:14     | Reached skill level 15 in Invocations
 26292 | D:15     | Entered Level 15 of the Dungeon
 26306 | D:15     | Found a staircase to the Depths.
 26338 | D:15     | Found Zuasein's Magic Scroll Shop.
 26373 | D:15     | Bought a scroll of enchant armour for 120 gold pieces
 26373 | D:15     | Bought a scroll of blinking for 120 gold pieces
 26373 | D:15     | Bought a scroll of identify for 32 gold pieces
 26444 | D:15     | Bought a scroll of identify for 32 gold pieces
 26833 | D:15     | Found a portal to a secret trove of treasure.
 27262 | Depths:1 | Entered Level 1 of the Depths
 27377 | Orc:1    | Killed Erolcha
 27377 | Orc:1    | Reached XP level 17. HP: 147/147 MP: 7/7
 27391 | Orc:1    | Killed Gastronok
 27398 | Orc:1    | Killed Fannar
 27607 | Orc:1    | Found Qaijeiwk's Armour Shoppe.
 27639 | Orc:1    | Found Ranuumapa's Distillery.
 27649 | Orc:1    | Bought a potion of haste for 150 gold pieces
 27716 | Orc:2    | Entered Level 2 of the Orcish Mines
 27753 | Orc:2    | Noticed ffase's ghost (journeyman DrTm)
 27759 | Orc:2    | Found a staircase to the Elven Halls.
 27840 | Orc:2    | Killed ffase's ghost
 27854 | Elf:1    | Entered Level 1 of the Elven Halls
 27913 | Orc:2    | Found a roughly hewn altar of Beogh.
 28029 | Orc:2    | Found Bawn's Book Shoppe.
 28029 | Orc:2    | Found Laptira's Assorted Antiques.
 28029 | Orc:2    | Found Atuvesarph's Magic Scroll Emporium.
 28033 | Orc:2    | Found Ydan's Antique Weapon Shoppe.
 28040 | Orc:2    | Bought a scroll of teleportation for 48 gold pieces
 28040 | Orc:2    | Bought a scroll of blinking for 120 gold pieces
 29511 | Snake:2  | Reached skill level 10 in Evocations
 29544 | Snake:2  | Reached skill level 10 in Polearms
 29544 | Snake:2  | Reached skill level 10 in Throwing
 29684 | Snake:2  | Gained mutation: Your magical capacity is low. (-10% MP) [mutagenic meat]
 29685 | Snake:2  | Gained mutation: You are very frail. (-20% HP) [mutagenic meat]
 29686 | Snake:2  | Lost mutation: Your muscles are strong. (Str +2) [mutagenic meat]
 29687 | Snake:2  | Lost mutation: Your mind is acute. (Int +2) [mutagenic meat]
 29688 | Snake:2  | Lost mutation: Your magical capacity is low. (-10% MP) [potion of mutation]
 29688 | Snake:2  | Lost mutation: You are very frail. (-20% HP) [potion of mutation]
 29688 | Snake:2  | Lost mutation: You are frail. (-10% HP) [potion of mutation]
 29688 | Snake:2  | Lost mutation: You possess an exceptional clarity of mind. [potion of mutation]
 29688 | Snake:2  | Lost mutation: You have very sharp teeth. [potion of mutation]
 29688 | Snake:2  | Gained mutation: Your muscles are strong. (Str +2) [potion of mutation]
 29688 | Snake:2  | Lost mutation: Your muscles are strong. (Str +2) [potion of mutation]
 29688 | Snake:2  | Gained mutation: You are clumsy. (Dex -2) [potion of mutation]
 29688 | Snake:2  | Gained mutation: You have a pair of small horns on your head. [potion of mutation]
 29760 | Snake:2  | Reached skill level 16 in Invocations
 30105 | Snake:3  | Noticed Agnes
 30201 | Snake:3  | Killed Agnes
 30421 | Snake:3  | Got a warped war axe
 30422 | Snake:3  | Identified the +4 war axe "Voutsysch" {elec, rElec rN+} (You found it on level 3 of the Snake Pit)
 30601 | Snake:4  | Entered Level 4 of the Snake Pit
 30981 | Snake:4  | Gained mutation: You passively map a large area around you. [Deep Dwarf growth]
 30981 | Snake:4  | Reached XP level 18. HP: 129/174 MP: 4/4
 31457 | Snake:4  | Reached skill level 17 in Invocations
 32111 | Snake:4  | Got a serpentine rune of Zot
 32526 | Slime:1  | Gained mutation: You are weak. (Str -2) [a shining eye]
 32589 | Lair:6   | Gained mutation: You are dopey. (Int -2) [a shining eye]
 32594 | Lair:6   | Gained mutation: Your magical capacity is low. (-10% MP) [a shining eye]
 32824 | Slime:2  | Noticed Dissolution
 33043 | Elf:1    | Gained mutation: You are surrounded by a mild repulsion field. (EV +2) [mutagenic meat]
 33100 | Elf:1    | Found Tadgh's Assorted Antiques.
 33370 | Elf:1    | Reached XP level 19. HP: 183/183 MP: 2/2
 33421 | Elf:1    | Reached skill level 18 in Invocations
 34257 | Elf:2    | Found a runed gate.
 34257 | Elf:2    | Found a runed gate.
 34257 | Elf:2    | Found a runed gate.
 34341 | Elf:3    | Entered Level 3 of the Elven Halls
 34381 | Elf:3    | Found a huge runed gate.
 34382 | Elf:3    | Found a huge runed gate.
 34382 | Elf:3    | Found a huge runed gate.
 34435 | Elf:3    | Found a huge runed gate.
 34436 | Elf:3    | Found a huge runed gate.
 34448 | Elf:3    | Found a huge runed gate.
 34448 | Elf:3    | Found a huge runed gate.
 34448 | Elf:3    | Found a huge runed gate.
 34448 | Elf:3    | Found a huge runed gate.
 34448 | Elf:3    | Found a huge runed gate.
 34495 | Elf:3    | Found a huge runed gate.
 34543 | Elf:3    | Reached skill level 15 in Fighting
 34991 | Elf:3    | Cast into level 2 of the Abyss (trident of distortion)
 35010 | Abyss:2  | Found a viscous altar of Jiyva.
 35084 | Abyss:2  | Paralysed by accursed screaming for 1 turns
 35185 | Abyss:2  | Gained mutation: Your magical capacity is very low. (-20% MP) [a neqoxec]
 35248 | Elf:3    | Escaped the Abyss
 35605 | Orc:1    | Bought a potion of resistance for 150 gold pieces
 35605 | Orc:1    | Bought a potion of curing for 45 gold pieces
 35605 | Orc:1    | Bought 2 potions of ambrosia for 240 gold pieces
 36060 | Vaults:1 | Found a bloodstained altar of Trog.
 37018 | Vaults:2 | Reached skill level 19 in Invocations
 37486 | Vaults:2 | Reached XP level 20. HP: 195/195 MP: 0/0
 37802 | Vaults:2 | Noticed Sojobo
 37844 | Vaults:2 | Killed Sojobo
 37875 | Vaults:2 | Lost mutation: Your magical capacity is very low. (-20% MP) [mutagenic meat]
 37876 | Vaults:2 | Gained mutation: Your spells are a little easier to cast, but a little less powerful. [mutagenic meat]
 37878 | Vaults:2 | Gained mutation: You have sharp toenails. [mutagenic meat]
 39313 | Vaults:3 | Reached skill level 20 in Invocations
 39700 | Vaults:3 | Gained mutation: Your flesh is heat resistant. (rF+) [mutagenic meat]
 39701 | Vaults:3 | Gained mutation: You are surrounded by a moderate repulsion field. (EV +3) [mutagenic meat]
 39702 | Vaults:3 | Gained mutation: Your system is resistant to poisons. (rPois) [mutagenic meat]
 40177 | Vaults:3 | Found a staircase to the Crypt.
 40180 | Vaults:3 | Noticed Donald
 40221 | Vaults:3 | Killed Donald
 40221 | Vaults:3 | Reached XP level 21. HP: 154/205 MP: 5/5
 40243 | Crypt:1  | Entered Level 1 of the Crypt
 40387 | Crypt:1  | Found a magical portal.
 40392 | WizLab   | Entered The Roulette of Golubria
 40392 | WizLab   | Found a transporter.
 40399 | WizLab   | Found a corrupted altar of Lugonu.
 40440 | WizLab   | Found a transporter.
 40462 | WizLab   | Found a corrupted altar of Lugonu.
 40489 | WizLab   | Found a transporter.
 40498 | WizLab   | Found a transporter.
 40539 | WizLab   | Found a transporter.
 40553 | WizLab   | Found a transporter.
 40567 | WizLab   | Found a transporter.
 40650 | WizLab   | Found a transporter.
 40650 | WizLab   | Found a transporter.
 40660 | WizLab   | Found a transporter.
 40660 | WizLab   | Found a transporter.
 40696 | WizLab   | Found a transporter.
 40696 | WizLab   | Found a transporter.
 40748 | WizLab   | Found a transporter.
 40764 | WizLab   | Found a corrupted altar of Lugonu.
 40830 | WizLab   | Found a transporter.
 40830 | WizLab   | Found a transporter.
 40938 | WizLab   | Identified the Grimoire of Orientation
 40946 | WizLab   | Found a transporter.
 40946 | WizLab   | Found a transporter.
 41217 | Crypt:2  | Got a warped wooden ring
 41218 | Crypt:2  | Identified the ring "Eteajuen" {rCorr *Drain +Blink rPois rF+} (You found it on level 2 of the Crypt)
 41405 | Crypt:2  | Reached skill level 15 in Shields
 42099 | Crypt:3  | Entered Level 3 of the Crypt
 42548 | Crypt:3  | Noticed a curse toe
 42961 | Crypt:3  | Found a staircase to the Tomb.
 43115 | Crypt:3  | Killed a curse toe
 43115 | Crypt:3  | Reached skill level 21 in Invocations
 43291 | Crypt:3  | Noticed an ancient lich
 43293 | Crypt:3  | Noticed an ancient lich
 43293 | Crypt:3  | Noticed an ancient lich
 43546 | Crypt:1  | Found a shimmering altar of Xom.
 44456 | Vaults:3 | Lost mutation: You are clumsy. (Dex -2) [mutagenic meat]
 44457 | Vaults:3 | Lost mutation: Your spells are a little easier to cast, but a little less powerful. [mutagenic meat]
 44664 | Vaults:4 | Noticed Jory
 44675 | Vaults:4 | Reached XP level 22. HP: 214/216 MP: 2/2
 44749 | Vaults:4 | Killed Jory
 45030 | Vaults:4 | Reached skill level 15 in Evocations
 45073 | Vaults:4 | Reached skill level 15 in Polearms
 45979 | Vaults:4 | Noticed Mara
 45986 | Vaults:4 | Noticed mdlp0716's illusion
 46118 | Vaults:4 | Killed Mara
 46566 | Vaults:5 | Entered Level 5 of the Vaults
 46700 | Vaults:5 | Reached skill level 22 in Invocations
 46962 | Vaults:5 | Reached XP level 23. HP: 226/226 MP: 4/4
 47012 | Vaults:5 | Lost mutation: Your magical capacity is low. (-10% MP) [mutagenic meat]
 47014 | Vaults:5 | Gained mutation: You are very weak. (Str -4) [mutagenic meat]
 47015 | Vaults:5 | Gained mutation: Your spells are a little harder to cast, but a little more powerful. [mutagenic meat]
 47099 | Vaults:5 | Noticed Frederick
 47111 | Vaults:5 | Killed Frederick
 47979 | Vaults:5 | Got a twisted bardiche {chop}
 47985 | Vaults:5 | Identified the +9 bardiche of Ocuodgh {chop, Str+5} (You took it off an ironheart preserver on level 5 of the Vaults)
 48032 | Vaults:5 | Got a transparent ivory ring
 48034 | Vaults:5 | Identified the ring of the Demon Prince {rPois rF+ Str+3 Int+4} (You found it on level 5 of the Vaults)
 48247 | Vaults:5 | Noticed Saint Roka
 48285 | Vaults:5 | Killed Saint Roka
 48285 | Vaults:5 | Reached skill level 23 in Invocations
 48583 | Vaults:5 | Gained mutation: You are clumsy. (Dex -2) [mutagenic meat]
 48584 | Vaults:5 | Lost mutation: You have a pair of small horns on your head. [mutagenic meat]
 48585 | Vaults:5 | Lost mutation: You are clumsy. (Dex -2) [mutagenic meat]
 48586 | Vaults:5 | Gained mutation: You are resistant to hostile enchantments. (MR+) [mutagenic meat]
 48587 | Vaults:5 | Gained mutation: You are partially covered in yellow scales. (AC +2) [mutagenic meat]
 48740 | Vaults:5 | Reached XP level 24. HP: 238/238 MP: 8/8
 48867 | Vaults:5 | Got a silver rune of Zot
 48950 | Vaults:5 | Identified A Primer on Spellweaving
 48966 | Vaults:5 | Got a polished spear
 48967 | Vaults:5 | Identified the +7 spear of Reapportionment {freeze, Stlth+} (You found it on level 5 of the Vaults)
 49708 | Orc:2    | Bought a scroll of enchant armour for 120 gold pieces
 49714 | Orc:2    | Bought a scroll of enchant armour for 180 gold pieces
 49963 | D:15     | You paid a toll of +3 storm dragon scales to enter a treasure trove
 49964 | Trove    | Entered a treasure trove
 50026 | Trove    | Got an ichor-stained battleaxe
 50032 | Trove    | Identified the +2 battleaxe of Righteous Anger {drain, rPois rN+} (You found it in a treasure trove)
 50070 | Trove    | Got a fine scimitar
 50071 | Trove    | Identified the +2 scimitar "Pelepnos" {venom, +Rage} (You found it in a treasure trove)
 50785 | Depths:1 | Reached skill level 1 in Maces & Flails
 50989 | Depths:1 | Gained mutation: You are clumsy. (Dex -2) [mutagenic meat]
 50990 | Depths:1 | Lost mutation: Your flesh is heat resistant. (rF+) [mutagenic meat]
 51219 | Depths:1 | Noticed Asterion
 51227 | Depths:1 | Killed Asterion
 51667 | Depths:1 | Found a gateway to Hell.
 51709 | Hell     | Entered the Vestibule of Hell
 51709 | Hell     | Noticed Geryon
 52001 | Depths:1 | Noticed Nikola
 52025 | Depths:1 | Killed Nikola
 52254 | Depths:2 | Gained mutation: You tend to lose your temper in combat. [mutagenic meat]
 52256 | Depths:2 | Lost mutation: You tend to lose your temper in combat. [mutagenic meat]
 52575 | Depths:2 | Identified a scroll of acquirement
 52683 | Depths:2 | Lost mutation: You are very weak. (Str -4) [mutagenic meat]
 52988 | Depths:2 | Reached skill level 5 in Maces & Flails
 53601 | Depths:3 | Lost mutation: You are weak. (Str -2) [mutagenic meat]
 53612 | Depths:3 | Gained mutation: You are frail. (-10% HP) [mutagenic meat]
 53615 | Depths:3 | Gained mutation: You occasionally shout uncontrollably at your foes. [mutagenic meat]
 53619 | Depths:3 | Gained mutation: Scrolls take you a little longer to read. [mutagenic meat]
 53628 | Depths:3 | Lost mutation: You are dopey. (Int -2) [mutagenic meat]
 53629 | Depths:3 | Gained mutation: You are dopey. (Int -2) [mutagenic meat]
 53630 | Depths:3 | Lost mutation: You occasionally shout uncontrollably at your foes. [mutagenic meat]
 53742 | Depths:3 | Lost mutation: You are resistant to hostile enchantments. (MR+) [mutagenic meat]
 53836 | Depths:3 | Found a one-way gate leading to the halls of Pandemonium.
 53955 | Depths:2 | Lost mutation: Your system is resistant to poisons. (rPois) [potion of mutation]
 53955 | Depths:2 | Lost mutation: Scrolls take you a little longer to read. [potion of mutation]
 53955 | Depths:2 | Lost mutation: You are partially covered in yellow scales. (AC +2) [potion of mutation]
 53955 | Depths:2 | Gained mutation: Your flesh is cold resistant. (rC+) [potion of mutation]
 54275 | Vaults:5 | Lost mutation: You are dopey. (Int -2) [potion of mutation]
 54275 | Vaults:5 | Lost mutation: You are frail. (-10% HP) [potion of mutation]
 54275 | Vaults:5 | Lost mutation: Your spells are a little harder to cast, but a little more powerful. [potion of mutation]
 54275 | Vaults:5 | Lost mutation: You are surrounded by a moderate repulsion field. (EV +3) [potion of mutation]
 54275 | Vaults:5 | Gained mutation: You have supernaturally acute eyesight. (SInv) [potion of mutation]
 54621 | Depths:3 | Lost mutation: You are clumsy. (Dex -2) [mutagenic meat]
 54622 | Depths:3 | Gained mutation: You expend magic power (3 MP) to strengthen your wands. [mutagenic meat]
 54862 | Depths:3 | Reached XP level 25. HP: 248/248 MP: 7/7
 55408 | Depths:3 | Got a brightly glowing ivory ring
 55410 | Depths:3 | Identified the ring of Understanding {Int+2 SInv} (You found it on level 3 of the Depths)
 55424 | Depths:3 | Got an ebony scimitar
 55449 | Depths:4 | Found a gateway to a ziggurat.
 55507 | Depths:4 | Found Orefod's Assorted Antiques.
 55578 | Depths:4 | Bought 3 scrolls labeled XAINEI BUNWEGH for 90 gold pieces
 55578 | Depths:4 | Bought a scroll of teleportation for 90 gold pieces
 55578 | Depths:4 | Bought a potion of curing for 90 gold pieces
 55594 | Depths:4 | Found a white marble altar of Elyvilon.
 55682 | Depths:4 | Found a one-way gate to the infinite horrors of the Abyss.
 55713 | Depths:4 | Gained mutation: You tend to lose your temper in combat. [mutagenic meat]
 55714 | Depths:4 | Gained mutation: You are agile. (Dex +2) [mutagenic meat]
 55716 | Depths:4 | Lost mutation: You tend to lose your temper in combat. [mutagenic meat]
 55874 | Depths:4 | HP: 16/373 [orc warlord/halberd of chopping (28)]
 55874 | Depths:4 | Slain by an orc warlord

Skill      XL: |  1  2  3  4  5  6  7  8  9 10 11 12 13 14 15 16 17 18 19 20 21 22 23 24 25 |
---------------+----------------------------------------------------------------------------+-----
Stealth        | 1 2 3 |  3.1
Dodging        | 1 2 3 4 5 7 8 9 10 11 12 | 12.3
Fighting       | 3 4 5 6 7 8 9 10 11 12 13 14 15 16 17 18 19 | 19.2
Armour         | 4 5 6 7 8 9 10 11 12 13 | 13.2
Shields        | 4 5 6 7 8 9 10 11 12 13 14 15 16 17 | 17.5
Long Blades    | 3 |  3.3
Axes           | 1 3 4 5 7 8 |  8.6
Throwing       | 1 3 4 5 6 7 8 9 10 11 12 13 14 | 14.2
Evocations     | 3 5 6 7 9 10 12 13 14 15 16 17 | 17.1
Invocations    | 1 5 8 10 12 13 15 16 17 19 20 21 22 23 | 23.8
Polearms       | 1 4 6 7 9 10 11 12 13 14 15 16 | 16.5
Maces & Flails | 5 7 |  7.2

Action                   |  1- 3 |  4- 6 |  7- 9 | 10-12 | 13-15 | 16-18 | 19-21 | 22-24 | 25-27 || total
-------------------------+-------+-------+-------+-------+-------+-------+-------+-------+-------++-------
Melee: Long sword        |    55 |       |       |       |       |       |       |       |       ||    55
       Short sword       |    44 |   117 |       |       |       |       |       |       |       ||   161
       Hand axe          |       |    61 |   606 |  1277 |   538 |   495 |  1311 |  1279 |   446 ||  6013
       Trident           |       |       |       |   234 |  1311 |  1666 |  1361 |  1398 |       ||  5970
       Dagger            |       |       |       |     9 |       |       |       |       |       ||     9
       Bite              |       |       |       |       |       |   128 |       |       |       ||   128
       War axe           |       |       |       |       |       |    71 |       |       |       ||    71
       Headbutt          |       |       |       |       |       |   218 |   747 |   529 |       ||  1494
       Bardiche          |       |       |       |       |       |       |       |     6 |       ||     6
       Maul              |       |       |       |       |       |       |       |     5 |       ||     5
Throw: Tomahawk          |     4 |       |    17 |    34 |    20 |       |     1 |       |       ||    76
       Throwing net      |       |       |       |     1 |     1 |     9 |     1 |       |       ||    12
       Javelin           |       |       |       |       |    44 |    41 |    29 |    22 |       ||   136
Invok: Minor Destruction |       |       |       |     3 |       |       |       |       |       ||     3
       Lesser Servant of |       |       |       |    17 |    52 |    35 |    20 |     2 |       ||   126
       Major Destruction |       |       |       |       |     1 |     4 |       |       |       ||     5
       Greater Servant o |       |       |       |       |       |     9 |    14 |    14 |       ||    37
 Abil: Heal Wounds       |     1 |     1 |    11 |    19 |    44 |    32 |    14 |     4 |     3 ||   129
       Evoke Blink       |       |       |       |       |       |       |     2 |     4 |       ||     6
Evoke: Wand              |       |       |     1 |     6 |    22 |    21 |    10 |    12 |     4 ||    76
       Box of beasts     |       |       |       |       |     1 |     4 |     2 |     1 |       ||     8
       Lightning rod     |       |       |       |       |     1 |     3 |    24 |    16 |     3 ||    47
       Phial of floods   |       |       |       |       |     1 |     3 |     4 |     2 |       ||    10
       Fan of gales      |       |       |       |       |       |     2 |       |       |       ||     2
       Phantom mirror    |       |       |       |       |       |       |       |     1 |       ||     1
  Use: Potion            |       |     4 |     5 |     3 |    10 |    13 |    12 |     9 |     6 ||    62
       Scroll            |       |       |     6 |    11 |    23 |    23 |    16 |     9 |     1 ||    89
 Stab: Confused          |       |       |     2 |       |     1 |     1 |       |     2 |       ||     6
       Held in net/web   |       |       |       |     1 |       |     1 |       |       |       ||     2
       Distracted        |       |       |       |     1 |     9 |    15 |    16 |     9 |       ||    50
       Paralysed         |       |       |       |       |     6 |       |     1 |     2 |       ||     9
       Invisible         |       |       |       |       |       |       |     1 |     2 |       ||     3
  Eat: Chunk             |     1 |     4 |    29 |    14 |    12 |    12 |    22 |    60 |     4 ||   158
       Bread ration      |       |     1 |       |     1 |     2 |     2 |     3 |     5 |     1 ||    15
       Meat ration       |       |       |     1 |     1 |     2 |     4 |       |     1 |       ||     9
       Fruit             |       |       |     1 |       |     5 |     2 |     5 |     8 |       ||    21
       Royal jelly       |       |       |       |     6 |     9 |     3 |     7 |     1 |       ||    26
Armor: Scale mail        |    52 |    70 |    40 |       |       |       |       |       |       ||   162
       Chain mail        |       |       |    90 |       |       |       |       |       |       ||    90
       Plate armour      |       |       |    84 |   558 |   905 |   658 |   528 |   667 |       ||  3400
       Skin              |       |       |       |       |       |    26 |    25 |       |    15 ||    66
       Crystal plate arm |       |       |       |       |       |       |       |   113 |   135 ||   248
Dodge: Dodged            |    36 |    63 |   185 |   386 |   529 |   474 |   439 |   735 |   114 ||  2961
Block: Shield            |    55 |   103 |   322 |   268 |       |       |       |       |       ||   748
       Large shield      |       |       |       |  1111 |  1914 |  2223 |  2091 |  2610 |   508 || 10457
       Reflection        |       |       |       |       |       |    98 |    92 |   144 |    25 ||   359
       Other             |       |       |       |       |       |       |       |     8 |       ||     8
       Rpst.: Long sword |     5 |       |       |       |       |       |       |       |       ||     5
